 Dungeon Crawl Stone Soup version 0.25-a0-949-gdd2af9e06e (webtiles) character file.

Game seed: 7097726738027705895, levelgen mode: deterministic

48 Maedhros the Sneak (level 3, 0/23 HPs)
             Began as an Octopode Artificer on May 8, 2020.
             Slain by a wight
             ... wielding a cursed +0 halberd
              (3 damage)
             ... on level 2 of the Dungeon.
             The game lasted 00:02:13 (374 turns).

Maedhros the Sneak (Octopode Artificer)              Turns: 374, Time: 00:02:13

Health: 0/23       AC:  1    Str: 11    XL:     3   Next: 72%
Magic:  5/5        EV: 13    Int: 13    God:
Gold:   21         SH:  0    Dex: 13    Spells: 2/2 levels left

rFire    . . .     SeeInvis .   a - +0 short sword
rCold    . . .     Gourm    .   (no shield)
rNeg     . . .     Faith    .   (helmet restricted)
rPois    .         Spirit   .   (no amulet)
rElec    .         Reflect  .   (no ring)
rCorr    .         Harm     .   (no ring)
MR       .....                  (no ring)
Stlth    +++.......             (no ring)
HPRegen  0.07/turn              (no ring)
MPRegen  0.09/turn              (no ring)
                                (no ring)
                                (no ring)

@: lightly drained
A: almost no armour, stealthy swim, amphibious, 8 rings, constrict 8, camouflage
1, gelatinous body 1
a: no special abilities


You were on level 2 of the Dungeon.
You were not hungry.

You visited 1 branch of the dungeon, and saw 2 of its levels.

You collected 21 gold pieces.

Inventory:

Hand Weapons
 a - a +0 short sword (weapon)
 e - a +3 scimitar of freezing
Wands
 b - a wand of flame (12)
 c - a wand of enslavement (11)
 d - a wand of random effects (11)
Scrolls
 h - a scroll of amnesia
 i - a scroll of remove curse
Comestibles
 f - a ration


   Skills:
 - Level 1.0(0.6) Fighting
 - Level 1.0(0.6) Short Blades
 - Level 2.0(1.6) Dodging
 - Level 4.0(3.6) Stealth
 + Level 1.9(1.6) Unarmed Combat
 - Level 3.2(2.9) Evocations


You had 2 spell levels left.
You didn't know any spells.
Your spell library was empty.

Dungeon Overview and Level Annotations

Branches:
Dungeon (2/15)

Altars:


Innate Abilities, Weirdness & Mutations

You cannot wear most types of armour.
You are very stealthy in the water. (Stealth+)
You are amphibious.
You can wear up to eight rings at the same time.
You can use your tentacles to constrict eight enemies at once.
Your skin changes colour to match your surroundings (Stealth+).
Your rubbery body absorbs attacks. (AC +1, EV +1)


Message History

Aim: a wight, wielding a +2 long sword and wearing a +0 robe (almost destroyed)
The puff of flame hits the wight but does no damage.
The wight is almost destroyed.
Evoke which item? (* to show all) (? for menu, Esc to quit)
Aiming: Throw Flame
Press: ? - help, Shift-Dir - straight line, f/p - wight
Aim: a wight, wielding a +2 long sword and wearing a +0 robe (almost destroyed)
The puff of flame hits the wight.
You destroy the wight!
Your Unarmed Combat skill increases to level 1!
Things that are here:
a +2 long sword; a +0 robe
Things that are here:
a +3 scimitar of freezing; a +0 robe
e - a +3 scimitar of freezing A wight comes into view.
It is wielding a +0 halberd.
The wight hits you with a cursed +0 halberd!
* * * LOW HITPOINT WARNING * * *
You feel drained.
You die...

#..# =### #..#
... #..#..#
######..#..####
............$..
..####..#######
..####.........
.......z#######
..####.@# ...
........# #.#
#######.###.#
#...[)#########.#
######...w......#
#.########## ....
###.## ...


You could see a wight.

Vanquished Creatures
  A wight (D:2)
  5 bats
  2 giant cockroaches
  2 goblins
  A hobgoblin (D:1)
  3 kobolds
  A rat (D:1)
15 creatures vanquished.

Vanquished Creatures (others)
  2 wights (D:2)
2 creatures vanquished.

Grand Total: 17 creatures vanquished

Notes
Turn   | Place    | Note
-------+----------+-------------------------------------------
     0 | D:1      | Maedhros the Octopode Artificer began the quest for the
                  | Orb.
     0 | D:1      | Reached XP level 1. HP: 13/13 MP: 3/3
    46 | D:1      | Reached skill level 2 in Stealth
   109 | D:1      | Reached XP level 2. HP: 11/18 MP: 4/4
   114 | D:1      | Reached skill level 3 in Stealth
   310 | D:2      | Noticed a wight
   310 | D:2      | Noticed a wight
   311 | D:2      | Noticed a wight
   360 | D:2      | Reached skill level 4 in Stealth
   360 | D:2      | Reached XP level 3. HP: 12/23 MP: 5/5
   363 | D:2      | Reached skill level 1 in Unarmed Combat
   374 | D:2      | Slain by a wight

Levels and vault maps discovered:
D:1:      dpeg_arrival_rooms_b, layout_basic, ashenzari_altar_1
D:2:      layout_basic, minmay_misc_feat_room

Skill      XL: |  1  2  3 |
---------------+----------+-----
Stealth        | 2 4 |  4.0
Unarmed Combat | 1 |  1.9
Fighting       | |  1.0
Short Blades   | |  1.0
Dodging        | |  2.0
Evocations     | |  3.2

Action                   || total
-------------------------++-------
Melee: Short sword       ||    33
       Constrict         ||     9
       Tentacles         ||     3
Evoke: Wand              ||    11
  Use: Scroll            ||     2
 Stab: Sleeping          ||     3
Armor: Skin              ||     7
Dodge: Dodged            ||    22

Table legend:
 A = Non-vault XP
 B = Vault XP
 C = Vault XP percentage of total XP
 D = Non-vault monster count
 E = Vault monster count
 F = Vault count percentage of total count
                 A         B        C        D         E       F
            +---------+---------+-------+---------+---------+-------
      Total |      69 |       0 |   0.0 |      16 |       0 |   0.0
            +---------+---------+-------+---------+---------+-------
        D:1 |      11 |       0 |   0.0 |       7 |       0 |   0.0
        D:2 |      58 |       0 |   0.0 |       9 |       0 |   0.0
            +---------+---------+-------+---------+---------+-------
